 Dungeon Crawl Stone Soup version 0.18.1-50-g88ac8fd (webtiles) character file.

56806 nikopol the Severer (level 14, -2/187 (189) HPs)
             Began as a Minotaur Berserker on Sept 25, 2016.
             Was the Champion of Trog.
             Slain by a troll (5 damage)
             ... on level 1 of the Orcish Mines.
             The game lasted 01:22:23 (20615 turns).

nikopol the Severer (Minotaur Berserker)           Turns: 20615, Time: 01:22:23

HP:   -2/187 (189)  AC: 24    Str: 31    XL:     14   Next: 43%
MP:   4/4           EV: 17    Int:  4    God:    Trog [******]
Gold: 2484          SH:  0    Dex: 18    Spells: 0 memorised, 13 levels left

rFire  + + +     SeeInvis .     a - +6 executioner's axe (antimagic)
rCold  + . .     Gourm    .     b - +4 chain mail {rF+}
rNeg   . . .     Faith    .     (shield currently unavailable)
rPois  +         Spirit   .     F - +2 hat {rC+}
rElec  .         Dismiss  .     O - +0 cloak
rCorr  .         Reflect  .     V - +0 pair of gloves "Boggu" {rPois rF+}
SustAt .         Harm     .     L - +0 pair of boots of the Thirteen Runes {Dex+3}
MR     +....                    m - amulet of regeneration
Stlth  ..........               x - +4 ring of strength
                                Z - ring of protection from fire

@: berserking, drained, very quick, somewhat resistant to hostile enchantments,
extremely unstealthy
A: retaliatory headbutt, horns 2, thin metallic scales 1
a: Berserk, Trog's Hand, Brothers in Arms, Burn Spellbooks, Renounce Religion


You were on level 1 of the Orcish Mines.
You worshipped Trog.
Trog was exalted by your worship.
You were hungry.

You visited 3 branches of the dungeon, and saw 21 of its levels.
You also visited: Ossuary, Ice Cave and Volcano.

You collected 2484 gold pieces.

Inventory:

Hand Weapons
 a - a +6 antimagic executioner's axe (weapon)
 n - a +0 war axe of chopping
 z - a +0 shortbow
 J - a +2 antimagic battleaxe
 R - a +3 hand axe of electrocution
Missiles
 s - 404 arrows
Armour
 b - a +4 chain mail of fire resistance (worn)
 F - a +2 hat of cold resistance (worn)
 L - the +0 pair of boots of the Thirteen Runes (worn) {Dex+3}
   (You acquired it on level 8 of the Lair of Beasts)

   It affects your dexterity (+3).
 O - a +0 cloak (worn)
 T - a +1 pair of gloves
 V - the +0 pair of gloves "Boggu" (worn) {rPois rF+}
   (You acquired it on level 8 of the Lair of Beasts)

   It protects you from fire.
   It protects you from poison.
Jewellery
 g - an uncursed ring of protection from cold
 m - an amulet of regeneration (around neck)
 u - an uncursed ring of positive energy
 x - a +4 ring of strength (right hand)
 G - a +3 ring of dexterity
 U - an uncursed ring of flight
 X - an uncursed ring of see invisible
 Z - a ring of protection from fire (left hand)
Wands
 v - a wand of disintegration (7/24)
 C - a wand of teleportation (7/9)
Scrolls
 d - a scroll of blinking
 e - a scroll of enchant armour
 h - a scroll of magic mapping
 i - 14 scrolls of remove curse
 l - 7 scrolls of teleportation
 r - a scroll of fear
 w - 2 scrolls of enchant weapon
 y - a scroll of holy word
 D - a scroll of recharging
 K - 3 scrolls of fog
 M - 3 scrolls of silence
Potions
 f - 4 potions of cure mutation
 k - 4 potions of heal wounds
 o - a potion of brilliance {unknown}
 q - a potion of berserk rage {unknown}
 t - 11 potions of curing
 E - 3 potions of flight
 H - a potion of invisibility {unknown}
 I - 6 potions of might
 N - 2 potions of agility
 P - a potion of resistance {unknown}
 S - 3 potions of haste
 W - 4 potions of cancellation
 Y - 4 potions of magic
Comestibles
 c - a beef jerky
 j - 8 meat rations
 p - 12 bread rations
 B - 14 royal jellies
 Q - 35 fruits


   Skills:
 + Level 12.1(12.0) Fighting
 * Level 16.0(15.8) Axes
 + Level 14.2(14.1) Bows
 + Level 11.9(11.8) Armour
 + Level 11.2(11.0) Dodging


You had 13 spell levels left.
You didn't know any spells.

Dungeon Overview and Level Annotations

Branches:
Dungeon (11/15)            Temple (0/1) D:5            Lair (8/8) D:10
  Swamp (0/4) Lair:4       Spider (0/4) Lair:6        Slime (0/6) Lair:6
    Orc (2/2) D:9
    Elf: Orc:2

Altars:
Ashenzari
Makhleb
Qazlal
Beogh

Shops:
Orc:1 (   Orc:2 =

Portals:
Hell: Lair:8


Innate Abilities, Weirdness & Mutations

You reflexively headbutt those who attack you in melee.
You have a pair of horns on your head.
You are partially covered in thin metallic scales (AC +2).


Message History

A red film seems to cover your vision as you go berserk!
You feel yourself moving faster!
You feel mighty!
You feel quite a bit more hungry.
You are feeling hungry.
The orc knight closely misses you. The troll bites you but does no damage.
The troll claws you but does no damage. The troll misses you.
The orc knight hits you with a war axe!
* * * LOW HITPOINT WARNING * * *
You slice the orc knight!! You headbutt the orc knight.
You feel the power of Trog in you as your rage grows.
You kill the orc knight!
Trog accepts your kill.
Your base Axes skill increases to level 16!
You closely miss the orc knight.
The orc knight is lightly wounded.
You slash the troll!
The troll is heavily wounded.
The troll bites you but does no damage. The troll barely misses you.
The troll claws you.
You die...

##.###.###.##.#.....##.##
#...#...##.##.#.........#
##..##.##..............##
##...................#.######
#.......#.#.......#......##.###
##.#)#.#####..................##
##.####.##.#..........#........#
#...##......#.o.............<.##
##..####..#.....@).....^..##.###
#...# #.........T....[.######
##.## ##...#..........[####.##
#########.#.............#....#
##.#.#####.................#
#.....###............#....###
##.#....#...#.........#.....##
###...............[...#.....#
#....#..............#.#..##


You could see an orc knight and a troll.

Vanquished Creatures
  Kirke (Lair:8)
  A dire elephant (Lair:8)
  Josephine (Orc:1)
  A fire dragon (Lair:7)
  The ghost of DungeonMaster the Fighter, a journeyman DrMo of Gozag (Orc:1)
  A hydra (Lair:5)
  A hell beast (Lair:8)
  The ghost of Duraxyll the Slicer, a novice MfBe of Trog (D:8)
  9 death yaks (Lair:8)
  An orc knight (Orc:1)
  A lindwurm (Lair:7)
  A wizard (Lair:8)
  An orb spider (Lair:6)
  A necromancer (IceCv)
  An orc sorcerer (Orc:1)
  An ugly thing (D:10)
  A manticore (Volcano)
  2 griffons (Lair:8)
  The ghost of atarun the Skirmisher, a novice TrFi (D:5)
  An ice statue (IceCv)
  15 elephants
  A black mamba (Lair:3)
  5 orange demons (Lair:8)
  11 spiny frogs
  10 freezing wraiths (IceCv)
  4 rime drakes
  6 komodo dragons
  A hellwing (Lair:8)
  3 ice devils (Lair:8)
  Grinder (D:6)
  A queen bee (Lair:6)
  2 red devils (Lair:8)
  A troll (D:7)
  6 polar bears
  Prince Ribbit (D:9)
  2 two-headed ogres (D:10)
  3 blink frogs (Lair:8)
  A boulder beetle (Lair:8)
  A spriggan (D:7)
  A wyvern (D:10)
  3 fire bats (Volcano)
  5 wraiths (Orc:1)
  Eustachio (D:5)
  4 basilisks
  2 hogs (Lair:8)
  10 yaks
  Grum (Lair:1)
  A warg (Orc:1)
  11 hippogriffs
  A death yak simulacrum (IceCv)
  A mottled dragon (Volcano)
  Duvessa (D:6)
  A hell hound (Volcano)
  6 porcupines
  20 water moccasins
  15 orc warriors
  A sky beast (D:10)
  2 black bears
  7 ice beasts
  A necrophage (D:6)
  3 phantoms
  An alligator simulacrum (IceCv)
  6 centaurs
  19 wolves
  7 ogres
  12 crocodiles
  2 elf zombies (Ossuary)
  A gnoll sergeant (D:7)
  10 giant frogs
  Dowan (D:6)
  28 killer bees
  3 wights (D:10)
  A howler monkey (D:10)
  2 electric eels
  5 lava snakes (Volcano)
  A centaur zombie (D:7)
  3 draconian simulacra (IceCv)
  4 jellies
  3 giant frog skeletons
  A giant frog zombie (D:8)
  2 hounds
  A human zombie (Ossuary)
  4 orc priests
  4 orc wizards (D:7)
  2 centaur skeletons
  Terence (D:3)
  10 iguanas
  3 troll simulacra (IceCv)
  A polar bear simulacrum (IceCv)
  4 worker ants
  A wolf simulacrum (IceCv)
  17 sheep
  A big kobold zombie (Ossuary)
  5 centaur simulacra (IceCv)
  A hound zombie (Ossuary)
  A hound skeleton (D:5)
  4 mummies (Ossuary)
  A worker ant zombie (D:6)
  Robin (D:3)
  12 gnolls
  3 ogre simulacra (IceCv)
  13 adders
  6 naga simulacra (IceCv)
  51 river rats
  3 shadow imps
  12 white imps (IceCv)
  5 oozes
  An adder zombie (Ossuary)
  2 worms
  2 dart slugs
  6 giant geckos
  80 orcs
  A ball python (D:2)
  6 bats
  5 giant cockroaches
  15 goblins
  6 hobgoblins
  7 jackals
  9 kobolds
  5 quokkas
  A giant cockroach zombie (D:6)
  4 giant newts
  2 goblin zombies (Ossuary)
  2 hobgoblin zombies (Ossuary)
  A jackal zombie (Ossuary)
  A quokka zombie (D:6)
  11 rats
  A rat zombie (Ossuary)
  A bush (Lair:8)
  20 fungi
  9 plants
679 creatures vanquished.

Vanquished Creatures (others)
  A butterfly (Lair:6)
  7 fungi
  4 plants
12 creatures vanquished.

Grand Total: 691 creatures vanquished

Notes
Turn   | Place    | Note
--------------------------------------------------------------
     0 | D:1      | nikopol the Minotaur Berserker began the quest for the Orb.
     0 | D:1      | Reached XP level 1. HP: 19/19 MP: 0/0
    54 | D:1      | Reached XP level 2. HP: 12/27 MP: 1/1
   653 | D:1      | Reached XP level 3. HP: 27/33 MP: 2/2
   807 | D:1      | Reached skill level 4 in Axes
   846 | D:1      | Reached ** piety under Trog
  1855 | D:2      | Reached XP level 4. HP: 29/40 MP: 3/3
  2669 | D:3      | You fall through a shaft!
  2802 | D:4      | Reached XP level 5. HP: 47/47 MP: 4/4
  2805 | D:4      | Reached *** piety under Trog
  3195 | D:4      | Reached skill level 1 in Bows
  3557 | D:3      | Noticed Robin
  3563 | D:3      | Reached skill level 5 in Axes
  3565 | D:3      | Killed Robin
  3608 | D:3      | Noticed Terence
  3614 | D:3      | Killed Terence
  3614 | D:3      | Reached XP level 6. HP: 55/55 MP: 5/5
  3899 | D:5      | Entered Level 5 of the Dungeon
  3941 | D:5      | Noticed atarun's ghost (novice TrFi)
  3951 | D:5      | Killed atarun's ghost
  3951 | D:5      | Reached skill level 5 in Fighting
  3951 | D:5      | Reached skill level 6 in Axes
  3951 | D:5      | Reached XP level 7. HP: 61/61 MP: 6/6
  4023 | D:5      | Received a gift from Trog
  4267 | D:5      | Noticed Eustachio
  4274 | D:5      | Killed Eustachio
  4274 | D:5      | Reached skill level 5 in Armour
  4371 | D:5      | Found a staircase to the Ecumenical Temple.
  4592 | D:6      | Noticed Grinder
  4597 | D:5      | Reached **** piety under Trog
  4597 | D:5      | Reached XP level 8. HP: 65/70 MP: 7/7
  4667 | D:6      | Paralysed by Grinder for 3 turns
  4679 | D:6      | Killed Grinder
  4679 | D:6      | Reached skill level 7 in Axes
  4679 | D:6      | Reached skill level 5 in Bows
  4679 | D:6      | Reached skill level 5 in Dodging
  5012 | D:6      | Reached skill level 8 in Axes
  5078 | D:6      | Noticed Duvessa
  5078 | D:6      | Noticed Dowan
  5087 | D:6      | Killed Duvessa
  5087 | D:6      | Reached XP level 9. HP: 69/77 MP: 8/8
  5090 | D:6      | Killed Dowan
  5617 | D:7      | Reached skill level 9 in Axes
  5829 | D:7      | Noticed a troll
  5837 | D:7      | Killed a troll
  5911 | D:7      | Found a shattered altar of Ashenzari.
  6262 | D:7      | Reached ***** piety under Trog
  6613 | D:8      | Noticed Duraxyll's ghost (novice MfBe)
  6621 | D:8      | Killed Duraxyll's ghost
  6621 | D:8      | Reached XP level 10. HP: 87/87 MP: 9/9
  6664 | D:8      | Found a sand-covered staircase.
  6674 | Ossuary  | Entered an ossuary
  6683 | Ossuary  | Reached skill level 10 in Axes
  6859 | D:8      | Found a stormy altar of Qazlal.
  6913 | D:8      | Received a gift from Trog
  7361 | D:9      | Noticed Prince Ribbit
  7415 | D:9      | Killed Prince Ribbit
  7441 | D:9      | Received a gift from Trog
  7580 | D:9      | Found a roughly hewn altar of Beogh.
  7580 | D:9      | Found a staircase to the Orcish Mines.
  8049 | D:9      | Received a gift from Trog
  8567 | D:10     | Entered Level 10 of the Dungeon
  8567 | D:10     | Found a staircase to the Lair.
  8568 | D:10     | Noticed an elephant
  8584 | D:10     | Killed an elephant
  8591 | D:10     | Reached skill level 11 in Axes
  8755 | D:10     | Reached XP level 11. HP: 44/94 MP: 10/10
  9155 | D:10     | Noticed a white ugly thing
  9170 | D:10     | Killed a white ugly thing
  9185 | D:10     | Received a gift from Trog
  9545 | Lair:1   | Entered Level 1 of the Lair of Beasts
  9607 | Lair:1   | Noticed Grum
  9624 | Lair:1   | Killed Grum
  9624 | Lair:1   | Received a gift from Trog
  9738 | Lair:1   | Reached skill level 10 in Bows
  9842 | Lair:1   | Gained mutation: You are partially covered in thin metallic scales (AC +2). [potion of beneficial mutation]
  9944 | Lair:1   | Reached skill level 12 in Axes
 10250 | Lair:2   | Received a gift from Trog
 11136 | Lair:3   | Received a gift from Trog
 11195 | Lair:3   | Found a frozen archway.
 11204 | IceCv    | Entered an ice cave
 11603 | IceCv    | Found an ancient bone altar of Kikubaaqudgha.
 11622 | IceCv    | Reached XP level 12. HP: 104/105 MP: 11/11
 11860 | IceCv    | Received a gift from Trog
 12928 | Lair:3   | Reached skill level 13 in Axes
 13530 | Lair:4   | Found a staircase to the Swamp.
 13614 | Lair:4   | Reached skill level 10 in Fighting
 13999 | Lair:5   | Noticed a seven-headed hydra
 14012 | Lair:5   | Killed a 13-headed hydra
 14199 | Lair:5   | Reached skill level 10 in Armour
 15079 | Lair:6   | Received a gift from Trog
 15240 | Lair:6   | Received a gift from Trog
 15270 | Lair:6   | Received a gift from Trog
 15515 | Lair:6   | Found a staircase to the Slime Pits.
 15743 | Lair:6   | Received a gift from Trog
 15743 | Lair:6   | Reached skill level 14 in Axes
 15744 | Lair:6   | Found a hole to the Spider Nest.
 16096 | Lair:7   | Reached skill level 10 in Dodging
 16096 | Lair:7   | Reached XP level 13. HP: 111/113 MP: 12/12
 16110 | Lair:7   | Found a dark tunnel.
 16115 | Volcano  | Entered a volcano
 16339 | Volcano  | Found a burning altar of Makhleb.
 16359 | Volcano  | Found a radiant altar of Vehumet.
 16441 | Volcano  | Identified a scroll of acquirement
 16759 | Lair:7   | Noticed a fire dragon
 16780 | Lair:7   | Killed a fire dragon
 17196 | Lair:8   | Entered Level 8 of the Lair of Beasts
 17587 | Lair:8   | Got a pair of heavily runed boots
 17598 | Lair:8   | Identified the +0 pair of boots of the Thirteen Runes {Dex+3} (You acquired it on level 8 of the Lair of Beasts)
 17602 | Lair:8   | Got a pair of ichor-stained gloves
 17613 | Lair:8   | Identified the +0 pair of gloves "Boggu" {rPois rF+} (You acquired it on level 8 of the Lair of Beasts)
 17651 | Lair:8   | Received a gift from Trog
 17828 | Lair:8   | Received a gift from Trog
 17855 | Lair:8   | Reached skill level 15 in Axes
 17976 | Lair:8   | Noticed a dire elephant
 17993 | Lair:8   | Killed a dire elephant
 18074 | Lair:8   | Received a gift from Trog
 18439 | Lair:8   | Reached XP level 14. HP: 100/124 MP: 13/13
 18615 | Lair:8   | Noticed Kirke
 18637 | Lair:8   | Killed Kirke
 18767 | Lair:8   | Found a burning altar of Makhleb.
 18871 | Lair:8   | Reached ****** piety under Trog
 18988 | Lair:8   | Found a gateway to Hell.
 19647 | Lair:3   | Received a gift from Trog
 19735 | Orc:1    | Entered Level 1 of the Orcish Mines
 19859 | Orc:1    | Noticed Josephine
 19872 | Orc:1    | Noticed DungeonMaster's ghost (journeyman DrMo)
 19873 | Orc:1    | Killed Josephine
 19891 | Orc:1    | Killed DungeonMaster's ghost
 20278 | Orc:1    | Found Pigad's Antique Weapon Boutique.
 20597 | Orc:2    | Entered Level 2 of the Orcish Mines
 20597 | Orc:2    | Found Giott's Jewellery Boutique.
 20597 | Orc:2    | Noticed an orc warlord
 20614 | Orc:1    | HP: 2/187 [orc knight/war axe (12)]
 20615 | Orc:1    | Reached skill level 16 in Axes
 20615 | Orc:1    | Slain by a troll

Skill      XL: |  1  2  3  4  5  6  7  8  9 10 11 12 13 14 |
---------------+-------------------------------------------+-----
Dodging        | 3 4 5 6 7 8 10 11 | 11.2
Axes           | 4 5 6 8 9 11 12 14 15 16 | 16.0
Fighting       | 4 5 6 7 8 9 10 11 12 | 12.1
Armour         | 3 4 5 6 7 8 9 10 11 | 11.9
Bows           | 1 3 4 6 7 9 10 12 13 14 | 14.2

Action                   |  1- 3 |  4- 6 |  7- 9 | 10-12 | 13-15 || total
-------------------------+-------+-------+-------+-------+-------++-------
Melee: Hand axe          |   106 |   114 |   117 |   585 |   380 ||  1302
       Headbutt          |    17 |    17 |    32 |   142 |   152 ||   360
       Executioner's axe |       |       |       |       |    41 ||    41
 Fire: Longbow           |       |    27 |    24 |       |       ||    51
       Shortbow          |       |       |   123 |   575 |   392 ||  1090
Invok: Berserk           |       |     2 |     1 |     8 |     4 ||    15
       Burn Spellbooks   |       |       |     2 |     3 |       ||     5
       Brothers in Arms  |       |       |       |     1 |       ||     1
       Trog's Hand       |       |       |       |     1 |     1 ||     2
Evoke: Wand              |       |       |       |       |     1 ||     1
  Use: Scroll            |       |       |       |    22 |    15 ||    37
       Potion            |       |       |       |     1 |       ||     1
  Eat: Chunk             |     2 |     4 |    10 |    24 |    18 ||    58
       Bread ration      |       |     1 |       |       |       ||     1
       Fruit             |       |       |       |     6 |       ||     6
       Beef jerky        |       |       |       |     4 |       ||     4
       Royal jelly       |       |       |       |     1 |       ||     1
Armor: Animal skin       |     3 |       |       |       |       ||     3
       Leather armour    |     5 |       |       |       |       ||     5
       Ring mail         |    16 |    39 |    31 |    26 |       ||   112
       Chain mail        |       |       |     4 |   247 |   187 ||   438
Dodge: Dodged            |    67 |    64 |    96 |   382 |   253 ||   862
